 Dungeon Crawl Stone Soup version 0.30-a0-561-g1b0378597e (webtiles) character file.

Game seed: 12365182467116288187

2799 Bnni the Jinx (level 10, -4/66 (73) HPs)
             Began as a Formicid Hexslinger on Dec 28, 2022.
             Was a Priest of Okawaru.
             Killed by an exploding killer bee (40 damage)
             ... ignited by their inner flame
             ... on level 7 of the Dungeon.
             The game lasted 00:12:52 (7183 turns).

Bnni the Jinx (Formicid Hexslinger)                 Turns: 7183, Time: 00:12:53

HP:   -4/66 (73)    AC:  5    Str: 15    XL:     10   Next: 2%
MP:   11/14         EV: 14    Int: 15    God:    Okawaru [***...]
Gold: 270           SH: 18    Dex: 18    Spells: 4/15 levels left

rFire   . . .      SeeInvis +    p - +0 dagger (venom)
rCold   + + .      Faith    .    o - +0 tower shield
rNeg    + . .      Spirit   .    c - +0 robe
rPois   .          Reflect  .    (helmet unavailable)
rElec   +          Harm     .    w - +0 cloak
rCorr   +          Rampage  .    q - +1 pair of gloves
Will    ++...                    (no boots)
Stlth   +++                      (no amulet)
HPRegen 0.31/turn                s - ring of Uvowiale {Wiz rElec rC++ rCorr}
MPRegen 0.14/turn                i - ring of the Foremost Demons {rN+ Will+ Dex+2}

@: heroic, studying Maces & Flails, drained
A: permanent stasis, dig shafts and tunnels, antennae 3, four strong arms
a: Dig, Shaft Self, Renounce Religion, Heroism


You were on level 7 of the Dungeon.
You worshipped Okawaru.
Okawaru was most pleased with you.
You visited 1 branch of the dungeon, and saw 8 of its levels.

You collected 324 gold pieces.
You spent 54 gold pieces at shops.

Inventory:

Hand Weapons
 a - a +0 shortbow
 p - a +0 dagger of venom (weapon)
Armour
 c - a +0 robe (worn)
 o - a +0 tower shield (worn)
 q - a +1 pair of gloves (worn)
 w - a +0 cloak (worn)
Jewellery
 i - the ring of the Foremost Demons (right hand) {rN+ Will+ Dex+2}
   (You found it on level 3 of the Dungeon)

   [ring of willpower]

   Dex:       It affects your dexterity (+2).
   rN:        It protects you from negative energy.
   Will:      It increases your willpower.
 n - a ring of ice
 s - the ring of Uvowiale (left hand) {Wiz rElec rC++ rCorr}
   (You found it on level 4 of the Dungeon)

   [ring of wizardry]

   It improves your spell success rate.
   rC:        It greatly protects you from cold.
   rElec:     It insulates you from electricity.
   rCorr:     It protects you from acid and corrosion.
 u - a ring of positive energy
Scrolls
 b - 2 scrolls of poison
 d - a scroll of enchant armour {unknown}
 e - a scroll of torment {unknown}
 f - a scroll of noise {unknown}
 l - a scroll of fear {unknown}
 m - 2 scrolls of magic mapping
 t - 4 scrolls of teleportation {unknown}
 v - 3 scrolls of amnesia {unknown}
Potions
 g - 2 potions of attraction
 h - 2 potions of heal wounds {unknown}
 j - 3 potions of flight
 k - a potion of ambrosia {unknown}
 r - 3 potions of invisibility


   Skills:
 + Level 4.5(9.5) Fighting
 * Level 6.6(11.6) Ranged Weapons
 - Level 1.7(6.7) Dodging
 * Level 7.6(12.6) Shields
 - Level 3.2 Spellcasting
 * Level 8.3 Hexes
 - Level 3.0 Fire Magic
 + Level 4.7 Invocations


You had 4 spell levels left.
You knew the following spells:

 Your Spells              Type           Power      Damage    Failure   Level
a - Slow                  Hex            100%       N/A       1%          1
b - Inner Flame           Hex/Fire       19%        N/A       8%          3
c - Portal Projectile     Hex/Tloc       28%        N/A       14%         3
d - Cause Fear            Hex            13%        N/A       9%          4

Your spell library contained the following spells:

 Spells                   Type           Power      Damage    Failure   Level
 Necrotise                Necr           8%         1d4       26%         1
 Sublimation of Blood     Necr           2%         N/A       34%         2
 Vampiric Draining        Necr           2%         2d6       56%         3
 Petrify                  Tmut/Erth      2%         N/A       91%         4
 Agony                    Necr           2%         N/A       99%         5
 Irradiate                Conj/Tmut      1%         3d12      99%         5


Dungeon Overview and Level Annotations

Branches:
Dungeon (8/15)             Temple (0/1) D:5
   Lair: D:8-11

Altars:
Dithmenos
Fedhas
Okawaru
Sif Muna
Zin

Shops:
D:1 [   D:7 (


Innate Abilities, Weirdness & Mutations

You cannot be hasted, slowed, berserked, paralysed or teleported.
You can dig through walls and to a lower floor.
You have a pair of large antennae on your head. (SInv)
Your four strong arms can wield two-handed weapons with a shield.


Message History

You hit the killer bee but do no damage.
The killer bee looks even sicker.
The killer bee is almost dead.
You feel sick.
You kill the killer bee!
Okawaru accepts your kill. You block the killer bee's attack.
You have reached level 10!
You hit the killer bee.
The killer bee is poisoned.
The killer bee is lightly wounded.
You feel sick. You block the killer bee's attack.
The killer bee closely misses you.
You miss the killer bee.
The killer bee is moderately wounded.
You feel sick. You block the killer bee's attack. x2
You closely miss the killer bee.
The killer bee is heavily wounded.
You feel sick. You block the killer bee's attack. The killer bee misses you.
You hit the killer bee.
The killer bee looks as sick as possible!
The killer bee is severely wounded.
You feel sick.
You kill the killer bee!
Okawaru accepts your kill.
You hit the killer bee but do no damage.
You feel sick. You block the killer bee's attack. x2
You barely miss the killer bee.
You feel sick.
You are no longer poisoned.
You block the killer bee's attack. x2
You closely miss the killer bee. You block the killer bee's attack. x2
You hit the killer bee but do no damage.
The killer bee is poisoned.
Flame seeps out of the killer bee.
The killer bee is engulfed in blazing flames.
Flame seeps out of the killer bee.
You block the killer bee's attack.
The killer bee is engulfed in blazing flames.
Okawaru accepts your kill.
The killer bee explodes!
The fiery explosion engulfs you!!!
Ouch! That really hurt!
You die...

#.##.##.# #.####.##.##.#
#.##.##.# #............#
#.......###############>###
#.......#......# #.#
####.####......# #.# ##.##
#......# ####.####
##...###......# #.......#
#.....##..>...#####.##.##.#
##....##......@#.......##.#
##.#.##......#○§##.#####.#
###.####.....#.##.......#
#.# #..##.#.########## #.#
#.......# #####
#.####.#.#..## ....#
#.......[...#
###.########......#
.#.....# ##.##### #########


There were no monsters in sight!

Vanquished Creatures
  A wyvern (D:7)
  A water moccasin (D:6)
  Duvessa (D:7)
  A sky beast (D:6)
  2 black bears (D:7)
  3 ogres
  A centaur (D:6)
  3 phantoms
  Blork the orc (D:6)
  A scorpion (D:5)
  2 necrophages
  4 bullfrogs
  4 wights (D:7)
  Dowan (D:7)
  7 killer bees (D:7)
  A howler monkey (D:5)
  2 jellies
  Crazy Yiuf (D:7)
  4 hounds
  2 orc priests (D:4)
  4 iguanas
  3 orc wizards (D:5)
  An adder (D:2)
  3 white imps
  A worm (D:2)
  3 dart slugs
  19 orcs
  6 ball pythons
  8 endoplasms
  4 giant cockroaches
  5 goblins
  3 hobgoblins
  3 jackals (D:2)
  4 kobolds
  2 quokkas (D:3)
  6 bats
  5 frilled lizards
  6 rats
129 creatures vanquished.

Notes
Turn   | Place    | Note
-------+----------+-------------------------------------------
     0 | D:1      | Bnni the Formicid Hexslinger began the quest for the Orb.
     0 | D:1      | Reached XP level 1. HP: 15/15 MP: 2/2
   131 | D:1      | Reached XP level 2. HP: 21/21 MP: 3/3
   326 | D:1      | You fall into a shaft and drop 1 floor!
   355 | D:2      | Reached skill level 4 in Hexes
   420 | D:2      | Reached XP level 3. HP: 24/25 MP: 5/5
   426 | D:2      | Learned a level 3 spell: Inner Flame
   582 | D:2      | Found a faded altar of an unknown god.
   692 | D:2      | Identified the +2 robe of a Thousand Wonders {+Blink Str+2}
   999 | D:2      | Found an iron altar of Okawaru.
  1007 | D:2      | Became a worshipper of Warmaster Okawaru
  1100 | D:1      | Found Rosa's Armour Boutique.
  1109 | D:1      | Bought a +0 tower shield for 54 gold pieces
  1565 | D:3      | Reached XP level 4. HP: 30/32 MP: 6/6
  1631 | D:3      | Noticed a phantom
  1648 | D:3      | Killed a phantom
  1649 | D:3      | Reached skill level 1 in Shields
  1649 | D:3      | Reached skill level 1 in Fire Magic
  1649 | D:3      | Reached XP level 5. HP: 6/38 MP: 4/7
  1902 | D:3      | Found a blossoming altar of Fedhas.
  1906 | D:3      | Reached skill level 1 in Invocations
  1917 | D:3      | Identified the ring of the Foremost Demons {rN+ Will+
                  | Dex+2}
  2042 | D:3      | Found a shadowy altar of Dithmenos.
  2203 | D:4      | Identified the ring of Uvowiale {Wiz rElec rC++ rCorr}
  2255 | D:4      | Reached XP level 6. HP: 25/44 MP: 9/9
  2453 | D:4      | Reached * piety under Okawaru
  2568 | D:4      | Reached skill level 5 in Hexes
  2613 | D:4      | Reached XP level 7. HP: 17/50 MP: 10/10
  3084 | D:4      | Found a shimmering blue altar of Sif Muna.
  3197 | D:5      | Entered Level 5 of the Dungeon
  3412 | D:5      | Found a staircase to the Ecumenical Temple.
  3695 | D:5      | Reached XP level 8. HP: 57/57 MP: 10/12
  3843 | D:5      | Reached skill level 6 in Hexes
  4103 | D:6      | Reached ** piety under Okawaru
  4378 | D:6      | Reached skill level 5 in Shields
  4451 | D:6      | Noticed Blork the orc
  4463 | D:6      | Killed Blork the orc
  4464 | D:6      | Reached skill level 5 in Ranged Weapons
  4818 | D:6      | Learned a level 4 spell: Cause Fear
  4822 | D:6      | Learned a level 3 spell: Portal Projectile
  5115 | D:6      | Reached XP level 9. HP: 60/64 MP: 13/13
  5257 | D:6      | Found a glowing silver altar of Zin.
  5323 | D:6      | Reached *** piety under Okawaru
  5697 | D:7      | Reached skill level 7 in Hexes
  6635 | D:7      | Found Roicre's Antique Weapon Shop.
  6738 | D:7      | Noticed Dowan
  6741 | D:7      | Noticed Duvessa
  6742 | D:7      | Killed Dowan
  6749 | D:7      | Killed Duvessa
  6750 | D:7      | Reached skill level 8 in Hexes
  6978 | D:7      | Found a runed translucent door.
  6979 | D:7      | Noticed Crazy Yiuf
  6993 | D:7      | Killed Crazy Yiuf
  7176 | D:7      | Reached XP level 10. HP: 39/65 MP: 10/14
  7183 | D:7      | Killed by an exploding killer bee... ignited by their inner
                  | flame

Illustrated notes

Levels and vault maps discovered:
D:1:      psy_arrival_terrarium, layout_basic, serial_shops,
          nicolae_shop_temple_entry_statues_fountains, serial_glass,
          glass_columns_a, glass_columns_b, glass_columns_b, glass_columns_c,
          glass_columns_b, glass_columns_a, chequers_serial_rivers_room_a
D:2:      layout_basic, basic_altar, shapermc_ecumenical_altar_venn,
          minivault_27, minmay_distorted
D:3:      layout_rooms, fedhas_altar_2, nicolae_dithmenos_shadow_blocks
D:4:      layout_loops_ring, kennysheep_little_box, minmay_misc_feat_ornament
D:5:      layout_basic, minmay_temple_entry_butterflies
D:6:      layout_gridville, kennysheep_mini, uniq_blork_the_orc
D:7:      layout_loops_cross, serial_shops, shop, minmay_manual_maat,
          uniq_duvessa, uniq_crazy_yiuf_cottage
D:8:      layout_gridville, mainiacjoe_overflow_alcove_2,
          mainiacjoe_overflow_swirl, nicolae_ossuary_entry_monument

Skill      XL: |  1  2  3  4  5  6  7  8  9 |
---------------+----------------------------+-----
Hexes          | 4 5 6 8 |  8.3
Ranged Weapons | 3 4 5 6 |  6.6
Shields        | 1 2 3 4 5 7 |  7.6
Fire Magic     | 1 2 3 |  3.0
Invocations    | 1 2 3 4 |  4.7
Spellcasting   | 2 3 |  3.2
Fighting       | 2 3 4 |  4.5
Dodging        | |  1.7

Action                   |  1- 3 |  4- 6 |  7- 9 | 10-12 || total
-------------------------+-------+-------+-------+-------++-------
Melee: Dagger            |       |    18 |   197 |     8 ||   223
 Fire: Sling             |   108 |   157 |    71 |       ||   336
       Shortbow          |       |       |   110 |       ||   110
 Cast: Slow              |     3 |     3 |     5 |       ||    11
       Inner Flame       |       |       |     6 |       ||     6
Invok: Heroism           |       |       |     4 |       ||     4
 Abil: Dig               |     1 |       |     1 |       ||     2
  Use: Scroll            |       |       |     6 |       ||     6
       Potion            |       |       |     2 |       ||     2
Armor: Robe              |    14 |    21 |    46 |       ||    81
       Skin              |       |       |     2 |       ||     2
Dodge: Dodged            |    58 |    53 |    86 |     2 ||   199
Block: Tower shield      |       |    83 |   247 |    11 ||   341

Table legend: (Time is in decaauts)
 A = Elapsed time spent in this place.
 B = Non-inter-level travel time spent in this place.
 C = Inter-level travel time spent in this place.
 D = Time resting spent in this place.
 E = Time spent auto-exploring this place.
 F = Levels seen in this place.
 G = Mean time per level.
                   A        B        C        D        E       F      G
               +--------+--------+--------+--------+--------+-----+--------+
         Total |   7419 |   7030 |    389 |   1395 |   4296 |   8 |  927.4 |
       Dungeon |   7419 |   7030 |    389 |   1395 |   4296 |   8 |  927.4 |
               +--------+--------+--------+--------+--------+-----+--------+

Top non-repeatable levels by time:
     D:7: 1547 daAuts
     D:6: 1477 daAuts
     D:4: 1094 daAuts
     D:5: 1040 daAuts
     D:1: 829 daAuts
     D:2: 758 daAuts
     D:3: 645 daAuts
     D:8: 26 daAuts
